Map: Romanticide LE

Players

Dark - Winner!

  • Race: Zerg Zerg
  • Spawn Location: 5:00

TIME (Oliveira)

  • Race: Terran Terran
  • Spawn Location: 11:00

Event: IEM Katowice 2021

VOD

Have the link to the VOD?

Description

Time

  • Played on: Feb. 23, 2021, 11:14 a.m.
  • Length: 13:54

All games in this series

Show
View Real Time Build Order
Export as new Build Order

Dark Zerg - Winner!

Build Orders: Hatch First, Lurkers 

Get SALT Encoding   

  12  0:00  Drone  
  13  0:12  Overlord  
  13  0:17  Drone  
  14  0:30  Drone x2  
  16  0:48  Hatchery  
  15  0:51  Drone  
  15  0:56  Drone  
  17  0:58  Drone  
  18  1:10  Extractor  
  17  1:13  Spawning Pool  
  17  1:15  Drone  
  17  1:18  Drone  
  18  1:27  Drone  
  19  1:38  Drone  
  20  1:48  Drone  
  21  2:00  Queen x2  
  26  2:01  Zergling x4  
  27  2:10  Overlord  
  27  2:11  Drone  
  28  2:19  Hatchery  
  28  2:22  Drone  
  28  2:31  Drone  
  28  2:35  Drone x2  
  31  2:38  Queen  
  33  2:52  Roach Warren  
  33  2:53  Overlord  
  33  2:54  Drone  
  33  2:55  Drone  
  34  3:00  Drone  
  35  3:08  Extractor  
  35  3:10  Drone x2  
  35  3:12  Drone x3  
  39  3:17  Queen  
  41  3:25  Overlord  
  41  3:27  Drone  
  42  3:33  Roach x2  
  46  3:34  Roach  
  50  3:41  Roach  
  50  3:42  Overlord  
  50  3:44  Roach  
  50  3:47  Roach  
  54  3:52  Roach  
  54  3:53  Roach  
  58  4:00  Overlord  
  58  4:02  Drone x2  
  60  4:12  Overlord  
  60  4:13  Metabolic Boost  
  60  4:23  Drone x4  
  60  4:24  Drone  
  65  4:26  Drone  
  65  4:27  Drone x3  
  69  4:32  Drone x3  
  69  4:34  Drone  
  69  4:36  Drone  
  74  4:41  Lair  
  74  4:45  Drone x2  
  76  4:48  Overlord  
  76  4:51  Drone x2  
  76  4:52  Drone  
  79  4:54  Drone  
  79  4:56  Drone  
  82  5:00  Drone  
  82  5:03  Overlord  
  82  5:07  Extractor, Drone x5  
  82  5:08  Extractor, Drone  
  86  5:17  Overlord  
  86  5:22  Evolution Chamber, Drone x5  
  86  5:23  Evolution Chamber  
  86  5:24  Extractor  
  86  5:25  Extractor, Drone  
  86  5:28  Drone x2  
  90  5:34  Queen  
  90  5:35  Overlord  
  92  5:39  Drone x2  
  96  5:43  Roach x2  
  96  5:45  Overlord  
  96  5:48  Overlord  
  98  5:50  Zerg Missile Weapons Level 1  
  98  5:51  Zerg Ground Armor Level 1  
  98  5:54  Roach x3  
  104  6:03  Overlord  
  104  6:04  Drone  
  104  6:05  Drone x2  
  104  6:06  Infestation Pit  
  104  6:10  Hydralisk Den  
  105  6:11  Roach x2  
  107  6:19  Hatchery  
  107  6:25  Roach x5  
  108  6:34  Drone  
  108  6:37  Hatchery  
  108  6:39  Drone x6  
  114  6:45  Roach x3  
  118  6:54  Hive  
  118  6:56  Lurker Den  
  118  6:58  Roach  
  118  6:59  Roach x3  
  125  7:02  Drone x3  
  125  7:03  Drone  
  125  7:04  Drone  
  125  7:07  Glial Reconstitution  
  125  7:08  Overlord  
  130  7:16  Overlord x2  
  130  7:19  Overlord  
  128  7:22  Overseer  
  128  7:27  Roach  
  128  7:28  Roach x4  
  138  7:30  Extractor x2, Drone  
  138  7:32  Roach x2  
  138  7:33  Zergling x6  
  144  7:38  Zergling x6  
  144  7:42  Overlord  
  147  7:46  Zergling x2  
  147  7:47  Zergling x8  
  151  7:57  Hydralisk x2  
  151  7:58  Hydralisk x5  
  165  8:10  Viper x2, Drone x4  
  165  8:11  Viper  
  178  8:14  Zerg Missile Weapons Level 2, Zerg Ground Armor Level 2  
  177  8:25  Drone  
  177  8:26  Overlord, Drone x2  
  180  8:29  Lurker x2  
  180  8:32  Spore Crawler  
  180  8:33  Hatchery, Overseer  
  180  8:36  Lurker x2  
  180  8:39  Overlord  
  182  8:44  Overlord x2  
  182  8:47  Lurker x3  
  180  8:52  Adaptive Talons  
  180  8:59  Drone x4  
  180  9:00  Drone  
  180  9:01  Drone x3  
  188  9:14  Hydralisk x3  
  188  9:15  Zergling x2  
  188  9:16  Zergling x8  
  198  9:31  Drone x3  
  200  9:32  Extractor  
  200  9:33  Extractor  
  200  9:37  Nydus Network  
  197  9:42  Drone, Spore Crawler x2  
  197  9:43  Evolution Chamber, Drone  
  197  9:44  Adrenal Glands, Spore Crawler  
  195  9:47  Baneling Nest, Grooved Spines  
  195  9:49  Seismic Spines  
  195  9:50  Burrow  
  195  9:51  Drone x3  
  197  9:52  Spore Crawler  
  197  9:54  Spine Crawler, Lurker x3  
  197  9:57  Hydralisk  
  200  10:11  Hatchery  
  199  10:19  Zerg Melee Weapons Level 1  
  199  10:25  Pneumatized Carapace  
  199  10:32  Overlord  
  199  10:33  Hatchery  
  199  10:34  Zerg Ground Armor Level 3, Zerg Missile Weapons Level 3  
  198  10:35  Nydus Canal  
  198  10:38  Hatchery  
  197  10:43  Drone x3  
  196  10:57  Hydralisk x2  
  196  10:58  Muscular Augments  
  196  11:04  Nydus Canal  
  198  11:09  Centrifical Hooks  
  194  11:11  Drone  
  188  11:25  Nydus Canal  
  188  11:29  Hydralisk  
  188  11:31  Hydralisk x3  
  181  11:34  Hydralisk, Lurker x3  
  181  11:35  Hydralisk x2  
  181  11:36  Zergling x20  
  194  11:40  Drone x2  
  194  11:43  Zergling x6  
  194  11:45  Zergling x2  
  200  11:47  Overseer  
  200  11:50  Hatchery  
  199  11:58  Spire  
  162  12:11  Hydralisk x5  
  162  12:15  Hydralisk x4  
  141  12:19  Hydralisk x2  
  141  12:21  Hydralisk x3  
  141  12:22  Hydralisk x5  
  145  12:23  Drone x5  
  145  12:24  Drone x3  
  145  12:27  Drone  
  145  12:28  Drone x2  
  145  12:29  Zergling x26  
  171  12:31  Lurker x4  
  171  12:33  Zergling x2  
  171  12:34  Zergling x4  
  178  12:38  Zergling x6  
  178  12:40  Nydus Canal  
  178  12:42  Zergling x2  
  178  12:43  Lurker x8  
  188  12:44  Overseer  
  188  12:45  Zergling x14, Overseer  
  188  12:48  Drone  
  196  13:00  Zergling x8  
  196  13:01  Unknown  
  196  13:02  Nydus Canal  
  199  13:05  Spore Crawler  
  199  13:06  Baneling x6  
  199  13:07  Baneling  
  198  13:13  Zergling x4  
Show
View Real Time Build Order
Export as new Build Order

TIME Terran 

Build Orders: Reaper Expand 

Get SALT Encoding   

  12  0:00  SCV  
  13  0:12  SCV  
  14  0:18  Supply Depot  
  14  0:25  SCV  
  15  0:39  SCV  
  15  0:42  Barracks  
  16  0:44  Refinery  
  16  0:51  SCV  
  17  1:03  SCV  
  18  1:15  SCV  
  19  1:29  Reaper, Orbital Command  
  20  1:40  Command Center  
  20  1:48  Supply Depot  
  20  1:55  SCV  
  20  2:00  Marine  
  22  2:07  SCV  
  23  2:12  Factory  
  23  2:19  SCV  
  24  2:23  Barracks Reactor  
  24  2:31  SCV  
  25  2:44  SCV  
  25  2:46  Command Center  
  25  2:52  Orbital Command  
  25  2:56  SCV  
  26  2:59  Refinery  
  26  3:04  Ghost Academy  
  26  3:05  Barracks Tech Lab  
  26  3:08  SCV  
  27  3:17  Hellion  
  27  3:18  Hellion  
  27  3:19  SCV  
  32  3:25  SCV  
  33  3:31  SCV  
  33  3:33  Ghost  
  36  3:37  SCV  
  36  3:38  Hellion  
  41  3:41  Hellion  
  41  3:43  SCV  
  42  3:55  SCV  
  42  3:57  SCV  
  42  3:58  Supply Depot  
  42  4:00  Hellion  
  42  4:02  Hellion  
  48  4:03  Ghost  
  48  4:06  Orbital Command  
  48  4:08  SCV  
  51  4:10  SCV  
  51  4:15  Starport  
  52  4:20  Supply Depot  
  52  4:21  SCV  
  52  4:22  SCV  
  54  4:24  Hellion  
  56  4:32  SCV  
  56  4:33  SCV  
  56  4:34  Stimpack, Marine  
  56  4:36  Hellion  
  56  4:37  SCV  
  62  4:44  Supply Depot  
  62  4:45  SCV  
  63  4:47  SCV  
  64  4:53  Medivac  
  64  4:54  Marine  
  64  4:56  SCV, Barracks  
  64  4:57  SCV  
  69  5:01  SCV  
  69  5:04  Barracks, Supply Depot  
  69  5:06  Factory Reactor  
  70  5:07  Orbital Command  
  70  5:10  Engineering Bay x2  
  70  5:13  Refinery  
  70  5:14  Refinery  
  70  5:15  SCV  
  70  5:17  Marine  
  70  5:18  SCV  
  73  5:24  Starport Reactor  
  73  5:27  SCV  
  74  5:31  SCV  
  74  5:32  SCV  
  76  5:39  SCV  
  77  5:48  SCV  
  78  5:52  Marine, Factory Tech Lab  
  78  5:53  Marine x2  
  78  5:55  Terran Infantry Weapons Level 1, Terran Infantry Armor Level 1  
  78  5:56  SCV x2  
  83  5:57  Barracks  
  83  5:58  Barracks  
  83  6:01  Command Center  
  83  6:03  Marine x2  
  85  6:07  SCV  
  85  6:08  SCV  
  85  6:10  SCV, Marine, Supply Depot  
  89  6:12  Marine  
  89  6:15  Supply Depot  
  90  6:25  Marine x2  
  90  6:26  Marine  
  90  6:27  SCV  
  90  6:31  Marine x2  
  90  6:32  Siege Tank, Combat Shield  
  97  6:33  Medivac x2  
  97  6:37  SCV x2  
  97  6:38  Supply Depot  
  103  6:43  Supply Depot, Marine x2  
  103  6:46  SCV  
  106  6:49  Barracks Tech Lab  
  106  6:50  SCV x2, Barracks Tech Lab  
  106  6:54  Supply Depot  
  106  6:55  Supply Depot x2  
  106  6:57  Marine x2  
  106  6:58  SCV  
  109  7:02  SCV x2  
  109  7:03  Refinery x2, Armory  
  109  7:07  Marine, Siege Tank  
  115  7:09  Marauder  
  115  7:10  Concussive Shells  
  115  7:12  Marauder  
  115  7:13  SCV  
  115  7:14  SCV  
  122  7:15  SCV  
  122  7:20  Marauder  
  122  7:21  Marine x3  
  127  7:25  SCV  
  127  7:26  SCV, Marine  
  127  7:28  SCV  
  131  7:30  Supply Depot  
  131  7:32  Marine  
  131  7:33  Factory  
  131  7:34  Marauder  
  134  7:37  SCV  
  134  7:40  Siege Tank  
  134  7:41  Marine x2  
  134  7:42  Marine  
  134  7:44  SCV x2  
  147  7:47  Marauder  
  147  7:51  Planetary Fortress  
  149  7:52  SCV  
  149  7:53  Supply Depot  
  149  7:55  Marine  
  149  7:56  Terran Infantry Armor Level 2, Terran Infantry Weapons Level 2  
  149  7:57  Marine  
  148  8:01  Marine x2  
  150  8:07  Terran Vehicle Weapons Level 1  
  150  8:08  Marauder, Marine x2  
  150  8:09  SCV x2  
  150  8:10  SCV  
  157  8:16  Supply Depot  
  157  8:17  Missile Turret  
  157  8:18  Siege Tank  
  157  8:19  Factory Tech Lab  
  160  8:20  Marine x3  
  160  8:21  Marauder  
  160  8:22  SCV  
  160  8:23  SCV x2  
  160  8:26  Marauder  
  170  8:27  Marine, Supply Depot  
  170  8:33  Viking  
  170  8:34  Viking  
  175  8:35  Marauder  
  175  8:36  SCV  
  175  8:38  Siege Tank  
  175  8:39  SCV x2  
  183  8:43  Marauder, Supply Depot  
  182  8:50  Sensor Tower  
  182  8:51  Marauder, Marine x3  
  182  8:53  Siege Tank  
  189  8:56  Marauder, Marine  
  192  9:04  Marine  
  192  9:05  Refinery  
  192  9:06  Command Center, Refinery  
  193  9:11  Marine x2  
  193  9:12  Marauder, Siege Tank  
  155  9:30  Barracks, Siege Tank  
  155  9:31  Barracks  
  155  9:32  Barracks  
  155  9:40  Factory, Viking  
  155  9:41  Factory, Viking  
  159  9:47  Marauder x2  
  159  9:50  Ghost  
  165  9:56  Missile Turret  
  165  9:57  Missile Turret  
  165  9:58  Missile Turret  
  165  10:00  Sensor Tower  
  165  10:01  Factory, Missile Turret  
  165  10:02  Terran Vehicle Weapons Level 2  
  165  10:05  Marine x2  
  165  10:06  Marine  
  168  10:07  Ghost  
  168  10:08  Marauder  
  168  10:12  Siege Tank  
  175  10:22  Ghost  
  175  10:25  Barracks Reactor, Barracks Tech Lab  
  175  10:26  Barracks Reactor  
  177  10:33  Factory Tech Lab x2  
  177  10:35  Siege Tank  
  177  10:37  Refinery  
  177  10:38  Refinery, Viking x2  
  184  10:46  Siege Tank, Factory Tech Lab  
  182  10:56  Marine x3  
  171  10:57  Siege Tank  
  171  11:03  Planetary Fortress  
  164  11:09  Siege Tank  
  164  11:13  Supply Depot, Orbital Command  
  164  11:14  Supply Depot x2  
  164  11:15  Supply Depot  
  164  11:16  Command Center  
  150  11:18  Command Center  
  150  11:20  Marine x3  
  150  11:21  Marauder x2  
  150  11:25  Siege Tank  
  159  11:34  SCV  
  159  11:40  SCV  
  159  11:41  SCV  
  159  11:45  Refinery  
  159  11:46  Refinery  
  161  11:47  SCV x2  
  161  11:49  SCV, Missile Turret x2  
  164  11:56  SCV  
  164  11:57  SCV, Sensor Tower  
  116  12:18  Siege Tank x3  
  116  12:21  Ghost x2  
  116  12:22  SCV  
  127  12:26  SCV x2  
  127  12:28  SCV  
  130  12:36  SCV  
  131  12:40  Siege Tank  
  131  12:41  SCV  
  132  12:54  Siege Tank  
  132  12:58  Orbital Command  
  135  12:59  Missile Turret  
  135  13:01  Siege Tank  
  135  13:05  Siege Tank  
  141  13:12  Siege Tank  
  144  13:14  SCV  

Tags
 
Add a new tag
Caveats
  • Supply blocks, unpowered buildings, or Contaminate may cause inaccurate times.
  • Supply counts are checked every 10 seconds.